[Event "Titled Tuesday Blitz January 31 Early 2023"]
[White "Buscar, Michael"]
[Black "Salimova, Nurgyul"]
[WhiteFideId "2603616"]
[BlackFideId "2915138"]
[WhiteElo "2041"]
[BlackElo "2391"]
[Result "0-1"]
[Round "02"]
[TimeControl "180+2"]
[Date "2023.01.31"]
[WhiteClock "0:00:18"]
[BlackClock "0:00:15"]

1. d4 Nf6 2. c4 e6 3. Nf3 d5 4. g3 dxc4 5. Qa4+ Bd7 6. Qxc4 Bc6 7. Bg2 Nbd7 8. Bf4 Bd6 9. Nbd2 Bxf4 10. gxf4 Bd5 11. Qc2 c5 12. O-O cxd4 13. Nxd4 Bxg2 14. Kxg2 O-O 15. N2f3 Nd5 16. e3 Rc8 17. Qa4 a6 18. Rac1 Nc5 19. Qa3 Ne4 20. Rfd1 Qf6 21. Ne5 Qh4 22. Nd3 Ndf6 23. Qe7 Qg4+ 24. Kh1 Qh5 25. Rg1 Rxc1 26. Rxc1 Ng4 27. h4 Ngxf2+ 28. Nxf2 Nxf2+ 29. Kg2 Ne4 30. Qxb7 Qg4+ 31. Kf1 Qh3+ 32. Ke2 Qg2+ 33. Ke1 Qf2+ 34. Kd1 Qd2# 0-1


[Site "https://www.chess.com"]

[Event "Titled Tuesday Blitz January 31 Early 2023"]
[White "Zahid, Sanatan"]
[Black "Li, Hui"]
[WhiteFideId "10201963"]
[BlackFideId "15400310"]
[WhiteElo "1930"]
[BlackElo "1963"]
[Result "0-1"]
[Round "02"]
[TimeControl "180+2"]
[Date "2023.01.31"]
[WhiteClock "0:00:22"]
[BlackClock "0:00:03"]

1. e4 e5 2. Nf3 Nf6 3. Nxe5 d6 4. Nf3 Nxe4 5. c4 Nc6 6. d4 d5 7. Nc3 Bb4 8. Qb3 Qe7 9. Be3 Na5 10. Qc2 Nxc4 11. Bxc4 dxc4 12. O-O Bxc3 13. bxc3 O-O 14. Rab1 c6 15. Bf4 Bf5 16. Rfe1 Rfe8 17. Nd2 Nxd2 18. Qxd2 Qd7 19. Ra1 Rxe1+ 20. Rxe1 Re8 21. Be3 Be4 22. f3 Bd5 23. Re2 Re6 24. Re1 h6 25. Kf2 Qe8 26. Rb1 b5 27. Bf4 Qd7 28. h3 Rf6 29. Be5 Re6 30. Bg3 Qe7 31. Qb2 a6 32. a4 Qg5 33. Qc1 Qxc1 34. Rxc1 g5 35. a5 f5 36. Bc7 f4 37. Be5 Kf7 38. h4 Kg6 39. Rh1 Re8 40. hxg5 hxg5 41. Bd6 Rd8 42. Bc7 Re8 43. Be5 Be6 44. Ke2 Bd5 45. Kd2 Rd8 46. Kc2 Re8 47. Kb2 Rd8 48. Ka3 Re8 49. Kb4 Rd8 50. Kc5 Re8 51. Kb6 Re6 52. Rg1 b4 53. cxb4 c3 54. Rc1 Bc4 55. Rxc3 Bb5 56. Kc5 Kf5 57. Rc1 Rh6 58. Rg1 Rh2 59. Bc7 g4 60. fxg4+ Kxg4 61. Be5 Kg3 62. Kb6 Rxg2 63. Rh1 Re2 64. Rh5 Kg4 65. Rh8 f3 66. Rg8+ Kf5 67. Rf8+ Kg4 68. Rf4+ Kg3 69. Rf8+ Kg2 70. Rg8+ Kf1 71. Rh8 f2 72. Rf8 Kg2 73. Rg8+ Kf1 74. Rf8 Kg2 75. Rg8+ Kh1 76. Rf8 Rd2 77. Kc5 f1=Q 78. Rxf1+ Bxf1 79. Kxc6 Bg2+ 80. Kb6 Rb2 81. Bd6 Rd2 82. Bc5 Bf1 83. Kc6 Bb5+ 84. Kd6 Kg2 85. Ke5 Kf3 86. d5 Re2+ 87. Kd6 Rd2 88. Ke5 Re2+ 89. Kf5 Bc4 90. d6 Rd2 91. Ke5 Bb5 92. Bb6 Rd1 93. Bc5 Bc4 94. Kf6 Ke4 95. Ke7 Bb5 96. Ke6 Bc4+ 97. Ke7 Bb5 0-1


[Site "https://www.chess.com"]

[Event "Titled Tuesday Blitz January 31 Early 2023"]
[White "Pourkashiyan, Atousa"]
[Black "Matinian, Nikita"]
[WhiteFideId "12502014"]
[BlackFideId "24129100"]
[WhiteElo "2282"]
[BlackElo "2407"]
[Result "0-1"]
[Round "02"]
[TimeControl "180+2"]
[Date "2023.01.31"]
[WhiteClock "0:00:05"]
[BlackClock "0:00:15"]

1. e4 d6 2. d4 g6 3. Nc3 Bg7 4. Nf3 Nf6 5. Bc4 O-O 6. O-O Bg4 7. h3 Bxf3 8. Qxf3 Nc6 9. Be3 Nd7 10. Ne2 e5 11. d5 Ne7 12. Ng3 f5 13. exf5 gxf5 14. Nh5 f4 15. Bd2 Ng6 16. Nxg7 Kxg7 17. Bd3 Qg5 18. Rfe1 Nf6 19. Bxg6 hxg6 20. c4 Rf7 21. c5 Rh8 22. cxd6 cxd6 23. Rac1 Rh4 24. Kf1 e4 25. Rxe4 Qxd5 26. Bc3 Qb5+ 27. Kg1 Qg5 28. Rce1 Qh5 29. Qxh5 gxh5 30. Re6 f3 31. Rxd6 fxg2 32. Rxf6 Rxf6 33. Re6 Rxh3 34. Rxf6 Rxc3 35. bxc3 Kxf6 36. Kxg2 Kf5 37. Kf3 h4 38. a4 b6 39. c4 a5 0-1


[Site "https://www.chess.com"]

[Event "Titled Tuesday Blitz January 31 Early 2023"]
[White "Nigmatov, Ortik"]
[Black "Avazkhonov, Alikhon"]
[WhiteFideId "14202131"]
[BlackFideId "14208504"]
[WhiteElo "2438"]
[BlackElo "1538"]
[Result "1-0"]
[Round "02"]
[TimeControl "180+2"]
[Date "2023.01.31"]
[WhiteClock "0:00:24"]
[BlackClock "0:00:02"]

1. Nf3 d5 2. e3 Nf6 3. c4 c6 4. Nc3 Bf5 5. d4 e6 6. Be2 Nbd7 7. O-O h6 8. h3 Bd6 9. b3 O-O 10. Bb2 Qe7 11. a3 a5 12. c5 Bc7 13. b4 axb4 14. axb4 e5 15. b5 e4 16. Nd2 Rfb8 17. b6 Bd8 18. Qb3 Nf8 19. Rfe1 Ng6 20. Nf1 Nh4 21. Ng3 Be6 22. Kh2 Nh7 23. Ra7 Rxa7 24. bxa7 Ra8 25. Ra1 Ng5 26. Nb1 Qd7 27. Bg4 f5 28. Be2 Qc7 29. Nd2 g6 30. Bc3 Bf6 31. Qb6 Qc8 32. Rb1 f4 33. exf4 Bxh3 34. Qxb7 Qxb7 35. Rxb7 1-0


[Site "https://www.chess.com"]

[Event "Titled Tuesday Blitz January 31 Early 2023"]
[White "Klekowski, Maciej"]
[Black "Foerster-Yialamas, Lucas"]
[WhiteFideId "1132717"]
[BlackFideId "30901774"]
[WhiteElo "2477"]
[BlackElo "2151"]
[Result "1-0"]
[Round "02"]
[TimeControl "180+2"]
[Date "2023.01.31"]
[WhiteClock "0:00:27"]
[BlackClock "0:00:13"]

1. g4 g5 2. Bg2 d5 3. c4 Bxg4 4. cxd5 Nf6 5. Nc3 Qd7 6. h4 gxh4 7. Rxh4 h5 8. Qb3 c6 9. f3 Bf5 10. e4 Rg8 11. Kf1 Bh7 12. d4 cxd5 13. Bh3 e6 14. e5 Bd3+ 15. Nce2 Bc4 16. Qc2 Ne4 17. fxe4 Be7 18. Rxh5 Nc6 19. Be3 Nb4 20. Qd2 Nd3 21. b3 Bb4 22. Qc2 Bb5 23. a3 Rc8 24. Qb1 Ba5 25. b4 Bd8 26. a4 Bc4 27. Ra3 dxe4 28. Rc3 Qd5 29. Bg2 f5 30. Nh3 Rg4 31. Kg1 Rc7 32. Kh1 Rcg7 33. Nef4 Qc6 34. b5 Qc8 35. Rh8+ Kf7 36. d5 Rg8 37. dxe6+ Kf8 38. Rxg8+ Kxg8 39. Nxd3 exd3 40. Nf4 Rh4+ 41. Kg1 Rxf4 42. Bxf4 Qc5+ 43. Kh2 Qd4 44. Rxc4 Qxc4 45. Qc1 Qxe6 46. Qe3 Qe7 47. Bd5+ Kf8 48. Qg3 Qh7+ 49. Qh3 Qxh3+ 50. Kxh3 Ba5 51. Bb3 d2 52. Kg3 Ke7 53. Kf3 a6 54. bxa6 bxa6 55. Ke2 Bb4 56. Bxd2 Bc5 57. Bf4 a5 58. Kd3 Bb4 59. Kc4 Be1 60. Kd5 Bb4 61. Bc2 Bc3 62. Bxf5 Bb4 63. Bg5+ Kf7 64. e6+ Kg7 65. e7 Kf7 66. Bd7 Bxe7 67. Bxe7 Kxe7 68. Kc6 Kd8 69. Bh3 Ke7 70. Kc7 Ke8 71. Kb6 Kd8 72. Kxa5 Kc7 73. Ka6 Kb8 74. Kb6 Ka8 75. Bg2+ Kb8 76. a5 Kc8 77. Bc6 Kb8 78. a6 1-0


[Site "https://www.chess.com"]

[Event "Titled Tuesday Blitz January 31 Early 2023"]
[White "Andreev, Konstantin"]
[Black "Nazari, Arad"]
[WhiteFideId "24239305"]
[BlackFideId "12577324"]
[WhiteElo "2195"]
[BlackElo "2367"]
[Result "0-1"]
[Round "02"]
[TimeControl "180+2"]
[Date "2023.01.31"]
[WhiteClock "0:00:01"]
[BlackClock "0:00:19"]

1. e4 c5 2. Nf3 d6 3. d4 cxd4 4. Nxd4 Nf6 5. Nc3 a6 6. h4 e5 7. Nb3 Be7 8. Bg5 Be6 9. Bxf6 Bxf6 10. g3 Nd7 11. Qd3 Qc7 12. O-O-O Be7 13. f4 b5 14. Kb1 Rc8 15. f5 Bc4 16. Qd2 b4 17. Nd5 Bxd5 18. exd5 a5 19. g4 Nf6 20. Bb5+ Kf8 21. Qe2 h5 22. g5 Ng4 23. Bc6 Qb6 24. Rdf1 Bd8 25. Rf3 f6 26. g6 Ke7 27. Nd2 a4 28. a3 Rb8 29. Nc4 Qc5 30. axb4 Rxb4 31. Rc3 Ba5 32. Rd1 Rhb8 33. b3 axb3 34. Nxe5 bxc2+ 0-1


[Site "https://www.chess.com"]

[Event "Titled Tuesday Blitz January 31 Early 2023"]
[White "Sattarov, Bobir"]
[Black "Ramirez Vido, Robert Yorisan"]
[WhiteFideId "14203081"]
[BlackFideId "3513823"]
[WhiteElo "2366"]
[BlackElo "2015"]
[Result "1-0"]
[Round "02"]
[TimeControl "180+2"]
[Date "2023.01.31"]
[WhiteClock "0:01:38"]
[BlackClock "0:00:02"]

1. e4 c5 2. Nf3 Nc6 3. d4 cxd4 4. Nxd4 g6 5. Nc3 Bg7 6. Be3 Nf6 7. Nxc6 bxc6 8. e5 Ng8 9. Bd4 Qa5 10. Bc4 Bxe5 11. O-O f6 12. Re1 d5 13. Bxe5 fxe5 14. Rxe5 Qc7 15. Qd4 Nf6 16. Rae1 dxc4 17. Rxe7+ Qxe7 18. Rxe7+ Kxe7 19. Ne4 Nxe4 20. Qxh8 Nf6 21. g4 Nxg4 22. Qg7+ Ke6 23. Qg8+ Kf6 24. Qxc4 1-0


[Site "https://www.chess.com"]

[Event "Titled Tuesday Blitz January 31 Early 2023"]
[White "Sammed Jaykumar, Shete"]
[Black "Mohammed, Dilshad"]
[WhiteFideId "5073421"]
[BlackFideId "5050421"]
[WhiteElo "2440"]
[BlackElo "2103"]
[Result "1-0"]
[Round "02"]
[TimeControl "180+2"]
[Date "2023.01.31"]
[WhiteClock "0:01:01"]
[BlackClock "0:00:40"]

1. c4 c5 2. g3 g6 3. Bg2 Bg7 4. Nc3 Nc6 5. d3 d6 6. Nh3 Nf6 7. Nf4 O-O 8. h4 h5 9. O-O e6 10. Bd2 Ne7 11. Rb1 Rb8 12. b4 cxb4 13. Rxb4 d5 14. cxd5 Nexd5 15. Nfxd5 Nxd5 16. Nxd5 exd5 17. Bf4 Qe7 18. Rb5 Ra8 19. Rxd5 Be6 20. Bd6 Qd7 21. Bxf8 Bxd5 22. Bxg7 Bxg2 23. Kxg2 Kxg7 24. Qb3 Re8 25. e4 Re6 26. Rd1 Rb6 27. Qc3+ Kh7 28. d4 Qa4 29. Rd2 Rc6 30. Qf3 Kg7 31. d5 Rf6 32. Qd3 Qd7 33. e5 Rf5 34. f4 Qa4 35. Qd4 Qa3 36. d6 g5 37. hxg5 h4 38. Qd3 Qb4 39. d7 hxg3 40. d8=Q Qxf4 41. Qf6+ Rxf6 42. gxf6+ Kh6 43. Re2 1-0


[Site "https://www.chess.com"]

[Event "Titled Tuesday Blitz January 31 Early 2023"]
[White "UnknownMagician"]
[Black "Jiganchine, Roman"]
[BlackFideId "2603667"]
[WhiteElo "2681"]
[BlackElo "2205"]
[Result "1-0"]
[Round "02"]
[TimeControl "180+2"]
[Date "2023.01.31"]
[WhiteClock "0:01:24"]
[BlackClock "0:00:09"]

1. c4 c6 2. Nf3 d5 3. e3 Nf6 4. Nc3 Bf5 5. d4 e6 6. Nh4 Bg6 7. Nxg6 hxg6 8. g3 Nbd7 9. Bg2 Bd6 10. O-O a5 11. b3 Bb4 12. Bb2 O-O 13. a3 Be7 14. Qe2 dxc4 15. bxc4 e5 16. c5 Re8 17. Qc4 Qc7 18. Rfe1 Bf8 19. Ne4 Rad8 20. Ng5 Re7 21. Rad1 Rde8 22. dxe5 Nxe5 23. Qf4 Qb8 24. Rd6 Nh5 25. Qh4 f6 26. Nf3 Nxf3+ 27. Bxf3 Re6 28. Rxe6 Rxe6 29. Bd1 Re8 30. Bb3+ Kh7 31. g4 Bxc5 32. gxh5 gxh5 33. Qxh5# 1-0


[Site "https://www.chess.com"]

[Event "Titled Tuesday Blitz January 31 Early 2023"]
[White "Piesik, Piotr"]
[Black "Moskvin, Anatoly"]
[WhiteFideId "1136194"]
[BlackFideId "24199990"]
[WhiteElo "2426"]
[BlackElo "2189"]
[Result "1-0"]
[Round "02"]
[TimeControl "180+2"]
[Date "2023.01.31"]
[WhiteClock "0:01:08"]
[BlackClock "0:00:01"]

1. Nf3 d6 2. d4 Bg4 3. e4 g6 4. h3 Bxf3 5. Qxf3 Bg7 6. c3 e6 7. Bd3 Ne7 8. O-O O-O 9. Bg5 h6 10. Be3 Nd7 11. Nd2 e5 12. Qg3 Nc6 13. Nb3 a5 14. a4 Nf6 15. Qh4 g5 16. Qg3 Nh5 17. Qf3 Nf4 18. Rfd1 Qf6 19. Bc4 Qg6 20. Kh2 h5 21. Bxf4 exf4 22. g4 hxg4 23. Qxg4 Rae8 24. Nd2 Ne7 25. Rg1 Bh6 26. Nf3 d5 27. exd5 1-0


[Site "https://www.chess.com"]

[Event "Titled Tuesday Blitz January 31 Early 2023"]
[White "Mushini Ajay"]
[Black "Kvaloy, Aksel Bu"]
[WhiteFideId "35066188"]
[BlackFideId "1528815"]
[WhiteElo "2310"]
[BlackElo "2321"]
[Result "0-1"]
[Round "02"]
[TimeControl "180+2"]
[Date "2023.01.31"]
[WhiteClock "0:00:04"]
[BlackClock "0:00:45"]

1. e4 e5 2. Nf3 Nf6 3. Nxe5 Nc6 4. Nxc6 dxc6 5. Nc3 Bc5 6. Be2 Qd4 7. O-O h5 8. d3 Ng4 9. Bxg4 hxg4 10. Bf4 Be6 11. Ne2 Qd7 12. d4 Bd6 13. Bg3 O-O-O 14. b3 f6 15. c4 Bxg3 16. fxg3 Qe7 17. Nf4 Bf7 18. Qxg4+ Kb8 19. e5 fxe5 20. Rae1 Rxd4 21. Qxg7 Re8 22. Re3 Qc5 23. Qxf7 Rdd8 24. Re1 exf4 25. Qxf4 Rf8 26. Qe4 a5 27. h3 Rde8 28. Qd3 Rd8 29. Qe2 Qb4 30. Kh2 Rd2 31. Qg4 Rxa2 32. Re8+ Rxe8 33. Rxe8+ Ka7 34. Qc8 Qd2 35. Qa8+ Kb6 36. c5+ Kxc5 37. Qa7+ b6 38. Re5+ Kd6 0-1


[Site "https://www.chess.com"]

[Event "Titled Tuesday Blitz January 31 Early 2023"]
[White "Seemann, Jakub"]
[Black "Liu, Casper"]
[WhiteFideId "21874697"]
[BlackFideId "1454153"]
[WhiteElo "2446"]
[BlackElo "2278"]
[Result "1-0"]
[Round "02"]
[TimeControl "180+2"]
[Date "2023.01.31"]
[WhiteClock "0:00:03"]
[BlackClock "0:00:01"]

1. Nc3 c5 2. e4 g6 3. f4 Bg7 4. g3 e6 5. Bg2 Ne7 6. Nge2 O-O 7. O-O d5 8. d3 Nbc6 9. h3 f5 10. e5 d4 11. Nb1 Nd5 12. c4 dxc3 13. bxc3 Rb8 14. c4 Ndb4 15. d4 Nxd4 16. Nxd4 cxd4 17. a3 Na6 18. Bb2 Nc5 19. Ra2 d3 20. Nd2 Bd7 21. Bd4 Ba4 22. Qa1 Nb3 23. Nxb3 Bxb3 24. Rd2 Bxc4 25. Qc3 b5 26. Bc5 Rf7 27. Bd6 Rc8 28. Qd4 Qa5 29. Bb4 Qc7 30. Rc1 Rd7 31. Qe3 Bf8 32. Bf1 Rcd8 33. g4 a5 34. Bxf8 Kxf8 35. Kh2 Qa7 36. Qg3 Qd4 37. gxf5 exf5 38. Qh4 b4 39. axb4 axb4 40. Bg2 b3 41. Re1 Be6 42. Qf6+ Rf7 43. Qh4 b2 44. Rb1 Rb8 45. Qg3 Ba2 46. Rxd3 Qc4 47. Rdd1 Bxb1 48. Rxb1 Qc2 49. e6 Qxb1 50. exf7 Qc2 51. Qa3+ Kxf7 52. Qa7+ Kf6 53. Qd4+ Kf7 54. Qa7+ Kf6 55. Qd4+ Ke6 56. Qe5+ Kd7 57. Qd5+ Kc7 58. Qa5+ Rb6 59. Qa7+ Kc8 60. Qa8+ Kd7 61. Qa7+ Qc7 62. Qa4+ Kc8 63. Qe8+ Qd8 64. Qf7 b1=Q 65. Qc4+ Qc7 66. Qg8+ Qd8 67. Qf7 Qc2 68. Qd5 1-0


[Site "https://www.chess.com"]

[Event "Titled Tuesday Blitz January 31 Early 2023"]
[White "Xie, Bryan"]
[Black "Begmuratov, Alisher"]
[WhiteFideId "30941296"]
[BlackFideId "14203367"]
[WhiteElo "2361"]
[BlackElo "2395"]
[Result "0-1"]
[Round "02"]
[TimeControl "180+2"]
[Date "2023.01.31"]
[WhiteClock "0:00:02"]
[BlackClock "0:01:58"]

1. d4 Nf6 2. Nf3 e6 3. Bf4 b6 4. e3 Bb7 5. Nbd2 Be7 6. Bd3 O-O 7. O-O c5 8. c3 d5 9. h3 Nbd7 10. Bh2 Ne4 11. Ne5 Nxe5 12. Bxe5 Nxd2 13. Qxd2 Bd6 14. Bxd6 Qxd6 15. Rfe1 e5 16. dxe5 Qxe5 17. Rad1 Rfe8 18. Qc2 g6 19. c4 Rad8 20. cxd5 Qxd5 21. Bf1 Qxa2 22. Bc4 Qa5 23. Ra1 Qb4 24. Reb1 Rd2 25. Qb3 Qxb3 26. Bxb3 a5 27. Ra4 Red8 28. Rf4 Bd5 29. Bxd5 R8xd5 30. Rf6 Rd6 31. Rf4 Rd1+ 32. Rxd1 Rxd1+ 33. Kh2 Rd2 34. b3 Rb2 35. Rf6 Rxb3 0-1


[Site "https://www.chess.com"]

[Event "Titled Tuesday Blitz January 31 Early 2023"]
[White "Chylewski, Patryk"]
[Black "Dwilewicz, Katarzyna"]
[WhiteFideId "1186191"]
[BlackFideId "1148486"]
[WhiteElo "2281"]
[BlackElo "2115"]
[Result "1-0"]
[Round "02"]
[TimeControl "180+2"]
[Date "2023.01.31"]
[WhiteClock "0:00:04"]
[BlackClock "0:00:02"]

1. e4 c5 2. Nf3 d6 3. c3 Nf6 4. h3 g6 5. Bd3 Bg7 6. O-O O-O 7. Bc2 Nc6 8. d4 cxd4 9. cxd4 d5 10. e5 Ne4 11. Nbd2 Nxd2 12. Bxd2 f6 13. exf6 exf6 14. Re1 Qd6 15. Rc1 Bd7 16. Bb3 Rfe8 17. Be3 b6 18. Nd2 Kh8 19. Qf3 Be6 20. Nb1 Rac8 21. Nc3 Na5 22. Bxd5 Rxc3 23. Bxe6 Rxc1 24. Bxc1 Qxd4 25. Rd1 Qe5 26. Bf7 Rf8 27. Bb3 Nxb3 28. Qxb3 Re8 29. Be3 Qe7 30. Qd5 h5 31. b3 Kh7 32. Qd7 Bf8 33. Qc6 Rd8 34. Rc1 Bg7 35. Qa4 Qd7 36. Qe4 Re8 37. Qf3 f5 38. g3 Re4 39. h4 Qd3 40. Rd1 Qb5 41. Rd2 Qe8 42. Kg2 Qe7 43. Qd1 Qb7 44. Kg1 Re7 45. Qc2 Rc7 46. Qd3 Re7 47. Qd5 Qxd5 48. Rxd5 Rc7 49. Kg2 Kg8 50. Rd6 Kf7 51. Rd8 Bf6 52. Ra8 Rd7 53. Kf3 Bc3 54. Ke2 Ke6 55. Rg8 Kf7 56. Rc8 Bf6 57. Ra8 Be5 58. Kf3 Bf6 59. Bf4 Bd4 60. Bb8 b5 61. Bf4 Bb6 62. Rc8 Re7 63. Rc6 Re6 64. Rc8 Re7 65. Rc3 Re6 66. Rd3 Rc6 67. Rd5 Re6 68. Rxb5 Rc6 69. a4 Rc2 70. Be3 Rc3 71. a5 Bxe3 72. fxe3 a6 73. Rb6 Kg7 74. Kf4 Kf7 75. b4 Rb3 76. Rb7+ Kf6 77. Rb6+ Kf7 78. Kg5 Rxe3 79. Rb7+ Kf8 80. Kxg6 Rxg3+ 81. Kf6 Rf3 82. Rb8# 1-0


[Site "https://www.chess.com"]

[Event "Titled Tuesday Blitz January 31 Early 2023"]
[White "Panesso Rivera, Henry"]
[Black "Lopez Idarraga, Daniel Eduardo"]
[WhiteFideId "4402707"]
[BlackFideId "4405501"]
[WhiteElo "2342"]
[BlackElo "2009"]
[Result "1-0"]
[Round "02"]
[TimeControl "180+2"]
[Date "2023.01.31"]
[WhiteClock "0:00:10"]
[BlackClock "0:00:01"]

1. Nf3 Nf6 2. b3 d5 3. Bb2 e6 4. e3 Be7 5. d4 O-O 6. Nbd2 b6 7. Bd3 Ba6 8. O-O c5 9. Qe2 Bxd3 10. cxd3 Nc6 11. Rfc1 Rc8 12. a3 Nd7 13. dxc5 bxc5 14. Rab1 Qb6 15. d4 cxd4 16. Nxd4 Nxd4 17. Bxd4 Qb8 18. Qa6 Bc5 19. b4 Bxd4 20. exd4 Rxc1+ 21. Rxc1 Qf4 22. Nb3 Nf6 23. Qd3 Ng4 24. Qg3 Qe4 25. Qf3 Qg6 26. h3 Nf6 27. Qe2 Nd7 28. Qc2 Nb6 29. Qxg6 hxg6 30. Na5 Rc8 31. Rc5 Kf8 32. Kf1 Ke7 33. Nc6+ Kd6 34. Nxa7 Ra8 35. Nb5+ Kd7 36. Rc7+ Ke8 37. Nd6+ Kf8 38. Rxf7+ Kg8 39. Rb7 Nc4 40. Nxc4 dxc4 41. Rc7 Rxa3 42. Rxc4 Ra2 43. Rc6 Rb2 44. Rxe6 Rxb4 45. Re4 Kf7 46. h4 Rb2 47. g3 Kf6 48. Kg2 g5 49. h5 Kf5 50. Re5+ Kf6 51. g4 Rd2 52. Rf5+ Ke7 53. d5 Rd4 54. f3 1-0


[Site "https://www.chess.com"]

[Event "Titled Tuesday Blitz January 31 Early 2023"]
[White "Lymar, Vladislav"]
[Black "Rian, Kapriaga"]
[WhiteFideId "14162180"]
[BlackFideId "7103263"]
[WhiteElo "2119"]
[BlackElo "2089"]
[Result "1-0"]
[Round "02"]
[TimeControl "180+2"]
[Date "2023.01.31"]
[WhiteClock "0:01:05"]
[BlackClock "0:00:04"]

1. e4 c6 2. d4 d5 3. e5 Bf5 4. h4 h5 5. Bd3 Bxd3 6. Qxd3 e6 7. Nf3 Qb6 8. O-O c5 9. a4 Nc6 10. Nbd2 Nge7 11. dxc5 Qc7 12. Re1 Nf5 13. Nb3 Be7 14. c3 Nxh4 15. Nxh4 Bxh4 16. Nd4 Nxe5 17. Qh3 Bf6 18. Nb5 Qxc5 19. Bf4 Ng4 20. Qf3 O-O 21. Bd6 Qc6 22. Bxf8 Rxf8 23. Nxa7 Qc7 24. g3 Ne5 25. Qxh5 g6 26. Qe2 Kg7 27. Nb5 Qb8 28. Nd4 Rh8 29. Kg2 Nc4 30. Rh1 Qd6 31. Rxh8 Kxh8 32. Qf3 Kg7 33. b3 Nd2 34. Qe3 Ne4 35. Rh1 Kf8 36. Nb5 1-0


[Site "https://www.chess.com"]

[Event "Titled Tuesday Blitz January 31 Early 2023"]
[White "Lorenzo De La Riva, Lazaro"]
[Black "Iskusnyh, Sergei"]
[WhiteFideId "2268809"]
[BlackFideId "4120027"]
[WhiteElo "2404"]
[BlackElo "2440"]
[Result "1/2-1/2"]
[Round "02"]
[TimeControl "180+2"]
[Date "2023.01.31"]
[WhiteClock "0:00:18"]
[BlackClock "0:00:21"]

1. d4 d5 2. c4 c6 3. Nc3 Nf6 4. Nf3 dxc4 5. a4 e6 6. e3 c5 7. Bxc4 cxd4 8. exd4 Be7 9. O-O O-O 10. Qe2 Nc6 11. Rd1 Nb4 12. Ne5 b6 13. Qf3 Rb8 14. Qh3 Bb7 15. Be3 Rc8 16. Rac1 Nfd5 17. Bd2 Bf6 18. Be2 Qd6 19. Ne4 Qe7 20. Nxf6+ Nxf6 21. Bg5 Rxc1 22. Rxc1 h6 23. Bxh6 gxh6 24. Qxh6 Rc8 25. Rc3 Rxc3 26. bxc3 Nbd5 27. c4 Nb4 28. Qg5+ Kf8 29. h4 Nc6 30. Nf3 Ng8 31. Qg4 Qf6 32. h5 Nh6 33. Qe4 Nf5 34. d5 Ncd4 35. Bd3 exd5 36. cxd5 Nxf3+ 37. Qxf3 Qe5 38. Qxf5 Qxf5 39. Bxf5 Bxd5 40. Bc2 a6 41. Kh2 b5 42. axb5 axb5 43. g4 b4 44. Kg3 Ba2 45. Kf4 b3 46. Bd3 b2 47. Ke5 Kg7 48. f4 b1=Q 49. Bxb1 Bxb1 50. g5 Bd3 51. f5 Be2 52. h6+ Kg8 53. Kf6 Bd3 54. g6 fxg6 55. fxg6 Bxg6 56. Kxg6 Kh8 57. h7 1/2-1/2


[Site "https://www.chess.com"]

[Event "Titled Tuesday Blitz January 31 Early 2023"]
[White "Lamaze, Simon"]
[Black "Rosenberg, Evan S"]
[WhiteFideId "36069264"]
[BlackFideId "2019299"]
[WhiteElo "2363"]
[BlackElo "1956"]
[Result "1-0"]
[Round "02"]
[TimeControl "180+2"]
[Date "2023.01.31"]
[WhiteClock "0:00:48"]
[BlackClock "0:00:02"]

1. e4 e5 2. Nf3 Nc6 3. Bc4 Nf6 4. d3 h6 5. a4 d6 6. a5 g6 7. Nc3 a6 8. h3 Bg7 9. Be3 O-O 10. Qd2 Kh7 11. g4 Ng8 12. Nd5 Nd4 13. Bxd4 exd4 14. g5 Be6 15. h4 h5 16. Ba2 Re8 17. Kf1 Rc8 18. Kg2 c6 19. Nf4 Bxa2 20. Rxa2 Be5 21. Ne2 c5 22. Re1 Ne7 23. Nxe5 dxe5 24. f4 exf4 25. Qxf4 Rf8 26. Qf6 Nc6 27. Qxd8 Rcxd8 28. Nf4 Kg7 29. Nd5 Rfe8 30. Rf1 Re5 31. Rf6 Nb4 32. Nxb4 cxb4 33. Rb6 Rb5 34. Rxb5 axb5 35. b3 Ra8 36. Kf3 f6 37. Kf4 fxg5+ 38. hxg5 Re8 39. a6 bxa6 40. Rxa6 Rc8 41. Ke5 Rxc2 42. Ra7+ Kg8 43. Kd6 h4 44. e5 h3 45. e6 h2 46. Ra1 Re2 47. Kd7 Kf8 48. Rh1 1-0


[Site "https://www.chess.com"]

[Event "Titled Tuesday Blitz January 31 Early 2023"]
[White "Ordekalog"]
[Black "Prieto Aranguren, Alain"]
[BlackFideId "2268906"]
[WhiteElo "2589"]
[BlackElo "2258"]
[Result "1-0"]
[Round "02"]
[TimeControl "180+2"]
[Date "2023.01.31"]
[WhiteClock "0:00:21"]
[BlackClock "0:00:13"]

1. d4 d5 2. c4 e6 3. cxd5 exd5 4. Nc3 Nf6 5. Bg5 Be7 6. e3 O-O 7. Bd3 c6 8. Qc2 h6 9. Bh4 Re8 10. Nge2 Ne4 11. Bxe7 Qxe7 12. Bxe4 dxe4 13. Ng3 f5 14. O-O Na6 15. f3 exf3 16. Rxf3 Nb4 17. Qe2 Qg5 18. Qc4+ Nd5 19. Nxd5 cxd5 20. Qxd5+ Be6 21. Qxb7 Rab8 22. Qc6 Kh7 23. Raf1 Rbc8 24. Qa4 Bd5 25. Rxf5 Qxe3+ 26. Kh1 Bc6 27. Qd1 Rcd8 28. d5 Bb5 29. R5f3 Qe5 30. Qc2+ Kh8 31. Rf5 Qxf5 32. Qxf5 Bxf1 33. Qxf1 Rxd5 34. h3 Red8 35. Qf3 Rd3 36. Qf4 R8d4 37. Qb8+ Kh7 38. Nf5 Rf4 39. Qxf4 1-0


[Site "https://www.chess.com"]

[Event "Titled Tuesday Blitz January 31 Early 2023"]
[White "Najdin, Danil"]
[Black "Fernandez Siles, Luis"]
[WhiteFideId "4172426"]
[BlackFideId "2209420"]
[WhiteElo "2235"]
[BlackElo "2218"]
[Result "1-0"]
[Round "02"]
[TimeControl "180+2"]
[Date "2023.01.31"]
[WhiteClock "0:00:21"]
[BlackClock "0:00:02"]

1. c4 Nf6 2. b3 g6 3. Bb2 Bg7 4. g4 O-O 5. g5 Nh5 6. Bxg7 Kxg7 7. Nf3 d6 8. d4 Bg4 9. Nbd2 Nc6 10. h3 Bd7 11. e3 e5 12. d5 Ne7 13. Bg2 f5 14. Qc2 c5 15. h4 b5 16. a4 a6 17. axb5 axb5 18. O-O f4 19. e4 Qc7 20. Qb2 Kg8 21. Rxa8 Rxa8 22. Ra1 Ra5 23. Nb1 b4 24. Nbd2 Qa7 25. Rxa5 Qxa5 26. Nxe5 Qa3 27. Qb1 dxe5 28. Nf3 Nf5 29. exf5 Bxf5 30. Qd1 e4 31. Ne5 f3 32. d6 fxg2 33. d7 Bxd7 34. Qd5+ Kh8 35. Nf7+ Kg7 36. Qxd7 Qc1+ 37. Kxg2 Nf4+ 38. Kh2 Ne2 39. Nh6+ Kh8 40. Qe8+ Kg7 41. Qg8# 1-0


[Site "https://www.chess.com"]

[Event "Titled Tuesday Blitz January 31 Early 2023"]
[White "TheKnightOfBosnia"]
[Black "Tsyhanchuk, Stanislav"]
[BlackFideId "13505130"]
[WhiteElo "2546"]
[BlackElo "2273"]
[Result "1-0"]
[Round "02"]
[TimeControl "180+2"]
[Date "2023.01.31"]
[WhiteClock "0:01:17"]
[BlackClock "0:00:04"]

1. e4 c5 2. Nf3 d6 3. Bb5+ Nc6 4. O-O Bd7 5. Re1 a6 6. Bf1 Nf6 7. h3 g6 8. a4 Bg7 9. c3 O-O 10. d4 cxd4 11. cxd4 d5 12. e5 Ne4 13. Nc3 Nxc3 14. bxc3 Bf5 15. Ba3 Qa5 16. Qd2 Rfc8 17. Nh4 Be6 18. Nf3 Bf5 19. Nh4 Be6 20. Bd3 Nxd4 21. Bb4 Nb3 22. Qb2 Qc7 23. Qxb3 d4 24. c4 Bxe5 25. Nf3 Bf6 26. Rxe6 fxe6 27. c5 a5 28. Qxe6+ Kg7 29. Ba3 Qc6 30. Qxc6 bxc6 31. Rb1 Rab8 32. Rb6 Rxb6 33. cxb6 Rb8 34. Bc5 e5 35. Be4 Kf7 36. Bxc6 d3 37. Bd5+ Ke8 38. Kf1 Be7 39. Nxe5 Bxc5 40. Nc6 Rxb6 41. Ke1 Bb4+ 42. Kd1 Bc3 43. Kc1 d2+ 44. Kc2 Rb1 45. Bf3 Rc1+ 46. Kd3 d1=Q+ 47. Bxd1 Rxd1+ 48. Kxc3 Rc1+ 49. Kd4 Rxc6 50. Kd5 Rc2 51. f4 Ra2 52. g4 1-0


[Site "https://www.chess.com"]

[Event "Titled Tuesday Blitz January 31 Early 2023"]
[White "Levitan, Caleb Levi"]
[Black "Fiorito, Francisco"]
[WhiteFideId "14332620"]
[BlackFideId "180165"]
[WhiteElo "2129"]
[BlackElo "2305"]
[Result "0-1"]
[Round "02"]
[TimeControl "180+2"]
[Date "2023.01.31"]
[WhiteClock "0:00:07"]
[BlackClock "0:02:05"]

1. e4 Nf6 2. e5 Nd5 3. d4 d6 4. c4 Nb6 5. exd6 cxd6 6. Nc3 g6 7. Nf3 Bg7 8. Be3 O-O 9. Be2 Nc6 10. O-O Bf5 11. Qd2 d5 12. b3 Rc8 13. Rac1 dxc4 14. bxc4 Na5 15. c5 Nbc4 16. Bxc4 Nxc4 17. Qe2 Nxe3 18. fxe3 e5 19. Rfd1 exd4 20. exd4 Re8 21. Qc4 Bg4 22. Rd3 Bxf3 23. gxf3 Qg5+ 24. Kf2 Qxc1 25. Ne4 Qxc4 0-1


[Site "https://www.chess.com"]